 Dungeon Crawl Stone Soup version 0.19-a0-904-ga29959e (webtiles) character file.

277 Gottschkopf the Changer (level 6, -4/47 HPs)
             Began as a Draconian Transmuter on July 5, 2016.
             Killed from afar by an orc wizard (15 damage)
             ... with a puff of flame
             ... on level 4 of the Dungeon.
             The game lasted 00:12:12 (3743 turns).

Gottschkopf the Changer (Draconian Transmuter)      Turns: 3743, Time: 00:12:12

Health: -4/47      AC:  2    Str: 10    XL:     6   Next: 4%
Magic:  5/9        EV: 19    Int: 13    God:
Gold:   164        SH:  0    Dex: 19    Spells: 3 memorised, 3 levels left

rFire  . . .     SeeInvis .       - Unarmed
rCold  . . .     Gourm    .     (armour unavailable)
rNeg   . . .     Faith    .     (shield currently unavailable)
rPois  x         Spirit   .     (helmet currently unavailable)
rElec  .         Dismiss  .     (cloak currently unavailable)
rCorr  .         Reflect  .     (gloves currently unavailable)
SustAt .         Harm     .     (boots currently unavailable)
MR     .....                    (no amulet)
Stlth  +.........               (no ring)
                                t - ring of loudness (curse)

@: spider-form, not resistant to hostile enchantments, very unstealthy
A: unfitting armour, (cold resistance 0), high mp 1, weak 1, (cold-blooded), AC
+6
a: End Transformation


You were on level 4 of the Dungeon.
You were not hungry.
You were a venomous arachnid creature.
You visited 1 branch of the dungeon, and saw 4 of its levels.

You collected 164 gold pieces.

Inventory:

Missiles
 a - 89 arrows
Armour
 h - a +1 pair of gloves (melded)
 m - a +0 pair of boots (melded)
Jewellery
 t - a cursed ring of loudness (left front leg)
Scrolls
 e - a scroll of identify
 i - a scroll of fear
 l - 3 scrolls of remove curse
 q - 3 scrolls of magic mapping
Potions
 f - 3 potions of curing
 g - a potion of haste
 n - a potion of berserk rage
 o - a potion of magic
 p - 4 potions of flight
 s - a potion of agility
 u - a potion of might {unknown}
Books
 b - a book of Changes

   Spells                             Type                      Level
   a - Beastly Appendage              Transmutation                1
   b - Sticks to Snakes               Transmutation                2
   c - Spider Form                    Transmutation/Poison         3
   d - Ice Form                       Ice/Transmutation            4
   e - Blade Hands                    Transmutation                5
Comestibles
 c - 3 bread rations
 d - 5 fruits
 j - 3 beef jerkies
 k - 2 meat rations
 r - 4 chunks of flesh


   Skills:
 - Level 1.1 Fighting
 - Level 1.7 Dodging
 + Level 4.6 Unarmed Combat
 - Level 2.0 Spellcasting
 - Level 4.7 Transmutations
 - Level 2.0 Poison Magic


You had 3 spell levels left.
You knew the following spells:

 Your Spells              Type           Power        Failure   Level  Hunger
a - Beastly Appendage     Tmut           ##....       14%         1    ##.....
b - Sticks to Snakes      Tmut           ##......     21%         2    ###....
c - Spider Form           Tmut/Pois      ##........   41%         3    ####...


Dungeon Overview and Level Annotations

Branches:
Dungeon (4/15)
 Temple: D:4-7

Altars:
Pakellas


Innate Abilities, Weirdness & Mutations

((Your plain brown scales are hard. (AC +6)))
Your body does not fit into most forms of armour.
((You are cold-blooded and may be slowed by cold attacks.))
((Your flesh is cold resistant. (rC+)))
You have an increased reservoir of magic. (+10% MP)
You are weak. (Str -2)


Message History

You feel better.
The orc wizard gestures at you while chanting.
The puff of flame hits you!
* * * LOW HITPOINT WARNING * * *
Casting: Spider Form
Confirm with . or Enter, or press ? or * to list all spells.
You turn into a venomous arachnid creature.
Your +1 pair of gloves melds into your body.
Your +0 pair of boots melds into your body.
The orc wizard barely misses you.
You barely miss the orc wizard. The orc wizard barely misses you.
The orc wizard miscasts a cantrip.
You hit the orc wizard but do no damage.
The orc wizard is poisoned.
The orc wizard hits you with a dagger.
* * * LOW HITPOINT WARNING * * *
You barely miss the orc wizard.
The orc wizard hits you but does no damage.
The orc wizard gestures at you while chanting.
The puff of flame hits you!
You die...

##...## ##..###
###o.## ##.oo##
##S.### ##..##
###.o## ######.o###
#.......s#
.........##
..........##
...........#
...........##
..................#
#.................#
#.......)........#
#................#


You could see an orc wizard.

Vanquished Creatures
  A phantom (D:3)
  An orc wizard (D:3)
  Jessica (D:3)
  A worker ant (D:4)
  5 adders
  2 dart slugs
  3 orcs
  6 giant cockroaches
  8 goblins
  7 hobgoblins
  4 jackals
  A quokka (D:3)
  2 ball pythons (D:1)
  8 bats
  A giant newt (D:3)
  7 kobolds
  9 rats
  A bush (D:1)
68 creatures vanquished.

Vanquished Creatures (others)
  A fire dragon (D:2)
  3 plants (D:1)
4 creatures vanquished.

Grand Total: 72 creatures vanquished

Notes
Turn   | Place    | Note
-------+----------+-------------------------------------------
     0 | D:1      | Gottschkopf the Draconian Transmuter began the quest for the Orb.
     0 | D:1      | Reached XP level 1. HP: 16/16 MP: 3/3
   176 | D:1      | Reached XP level 2. HP: 23/23 MP: 1/5
   198 | D:1      | Learned a level 2 spell: Sticks to Snakes
   996 | D:1      | Reached XP level 3. HP: 24/28 MP: 4/6
  1008 | D:1      | Learned a level 3 spell: Spider Form
  1495 | D:2      | Reached skill level 1 in Poison Magic
  1800 | D:2      | Found an oddly glowing altar of Pakellas.
  1800 | D:2      | Noticed a fire dragon
  1820 | D:2      | Killed a fire dragon
  1934 | D:2      | Reached XP level 4. HP: 35/35 MP: 5/7
  2210 | D:3      | Noticed Jessica
  2215 | D:3      | Killed Jessica
  2232 | D:3      | Gained mutation: Your flesh is cold resistant. (rC+) [potion of mutation]
  2232 | D:3      | Gained mutation: You are weak. (Str -2) [potion of mutation]
  2232 | D:3      | Gained mutation: You have an increased reservoir of magic. (+10% MP) [potion of mutation]
  2562 | D:2      | HP: 1/35 [poisoned by a kobold]
  2896 | D:3      | Reached XP level 5. HP: 33/40 MP: 6/8
  2990 | D:3      | Noticed a phantom
  3032 | D:3      | Killed a phantom
  3672 | D:4      | Reached XP level 6. HP: 41/47 MP: 5/9
  3743 | D:4      | Killed from afar by an orc wizard

Vault maps used:
D:1:      onia_arrival_larder, serial_forest, infiniplex_forest_diagonal,
          infiniplex_forest_straight_2, infiniplex_forest_end_2,
          infiniplex_forest_zigzag_1, infiniplex_forest_clump_curved,
          infiniplex_forest_lined_room_, infiniplex_forest_clump_diagonal,
          infiniplex_forest_end_3, infiniplex_forest_corner_1
D:2:      gammafunk_pakellas_cloud_experiment
D:3:      first_bread, uniq_jessica
D:4:      kennysheep_dice

Skill      XL: |  1  2  3  4  5 |
---------------+----------------+-----
Unarmed Combat | 4 |  4.6
Poison Magic   | 2 |  2.0
Transmutations | 3 4 |  4.7
Fighting       | |  1.1
Dodging        | |  1.7
Spellcasting   | |  2.0

Action                   |  1- 3 |  4- 6 || total
-------------------------+-------+-------++-------
Melee: Unarmed           |   263 |    90 ||   353
       Tailslap          |    58 |    10 ||    68
       Headbutt          |     6 |    14 ||    20
       Kick              |    29 |     1 ||    30
       Punch             |     5 |     2 ||     7
 Cast: Beastly Appendage |    38 |    17 ||    55
       Spider Form       |       |     5 ||     5
  Use: Scroll            |     8 |     7 ||    15
       Potion            |       |     2 ||     2
 Stab: Sleeping          |     2 |       ||     2
  Eat: Chunk             |     5 |     2 ||     7
       Bread ration      |       |     1 ||     1
Armor: Skin              |    44 |    21 ||    65
Dodge: Dodged            |    90 |    63 ||   153
